 Dungeon Crawl Stone Soup version 0.25.0-33-gff14898491 (webtiles) character file.

Game seed: 9577681341230599334

87 Ethylacetat the Sneak (level 4, -3/31 HPs)
             Began as an Octopode Assassin on July 7, 2020.
             Killed from afar by Sigmund (8 damage)
             ... with a puff of flame
             ... on level 3 of the Dungeon.
             The game lasted 00:04:52 (1817 turns).

Ethylacetat the Sneak (Octopode Assassin)           Turns: 1817, Time: 00:04:53

Health: -3/31      AC:  1    Str: 11    XL:     4   Next: 51%
Magic:  4/4        EV: 13    Int: 13    God:
Gold:   140        SH:  0    Dex: 13    Spells: 3/3 levels left

rFire    . . .     SeeInvis .   a - +2 dagger
rCold    + . .     Gourm    .   (no shield)
rNeg     . . .     Faith    .   (helmet restricted)
rPois    .         Spirit   .   (no amulet)
rElec    .         Reflect  .   i - ring of protection from cold
rCorr    .         Harm     .   q - ring of wizardry
MR       .....                  (no ring)
Stlth    ++++......             (no ring)
HPRegen  0.10/turn              (no ring)
MPRegen  0.09/turn              (no ring)
                                (no ring)
                                (no ring)

@: no status effects
A: almost no armour, stealthy swim, amphibious, 8 rings, constrict 8, camouflage
1, gelatinous body 1
a: no special abilities


You were on level 3 of the Dungeon.
You were hungry.

You visited 1 branch of the dungeon, and saw 3 of its levels.

You collected 140 gold pieces.

Inventory:

Hand Weapons
 a - a +2 dagger (weapon)
Missiles
 b - 25 poisoned darts (quivered)
 c - 2 curare-tipped darts
Jewellery
 i - a ring of protection from cold (left tentacle)
 q - a ring of wizardry (right tentacle)
Wands
 o - a wand of random effects (20)
Scrolls
 h - 3 scrolls of identify {unknown}
 l - a scroll of noise {unknown}
 n - 3 scrolls of enchant armour {unknown}
 r - a scroll of teleportation {unknown}
Potions
 e - 2 potions of cancellation {unknown}
 g - a potion of heal wounds {unknown}
 j - 4 potions of curing {unknown}
 k - a potion of ambrosia {unknown}
 m - 2 potions of brilliance {unknown}
 p - a potion of stabbing {unknown}
Comestibles
 d - 7 rations
 f - 2 chunks of flesh


   Skills:
 + Level 3.0 Fighting
 * Level 3.9 Short Blades
 - Level 2.0 Throwing
 - Level 1.0 Dodging
 - Level 5.3 Stealth


You had 3 spell levels left.
You didn't know any spells.
Your spell library was empty.

Dungeon Overview and Level Annotations

Branches:
Dungeon (3/15)

Altars:
Xom

Annotations:
D:3 Sigmund


Innate Abilities, Weirdness & Mutations

You cannot wear most types of armour.
You are very stealthy in the water. (Stealth+)
You are amphibious.
You can wear up to eight rings at the same time.
You can use your tentacles to constrict eight enemies at once.
Your skin changes colour to match your surroundings (Stealth+).
Your rubbery body absorbs attacks. (AC +1, EV +1)


Message History

Press: ? - help, Shift-Dir - straight line, f/p - Sigmund
Aim: Sigmund, wielding a +0 scythe and wearing a +0 robe (fast) Sigmund flickers and vanishes!
Deactivating autopickup; reactivate with Ctrl-A.
You hear some strange, mumbled words.
Something tries to affect you, but you resist.
Aiming: Random Effects
Press: ? - help, Shift-Dir - straight line The bolt of negative energy hits something!
Something hits you.
Aiming: Random Effects
Press: ? - help, Shift-Dir - straight line Something hits you!
* * * LOW HITPOINT WARNING * * *
Something hits you.
* * * LOW HITPOINT WARNING * * *
You hear some strange, mumbled words.
A puff of flame appears from out of thin air!
The puff of flame hits you!
You die...

#..## #.# #...
#...###.. ...
##.#..#...# ##..
####..#.......##..
#....##..####..#.# ##
#.#####..# #...#..#
#.# #...# #.{.# #.#
#.#># ###.#.#
###.####.#.# ##.@.#.#
......##.#.###..###.b
.........#.##..## #@.
.<.....(##.#..## ...
........##...## ....
........###..# .....
.......## #..#
..#...## #.## #######
#.#


There were no monsters in sight!

Vanquished Creatures
  3 adders
  3 worms
  A leopard gecko (D:1)
  3 ball pythons
  8 bats
  3 giant cockroaches
  8 goblins
  5 hobgoblins
  A quokka (D:2)
  3 frilled lizards
  7 kobolds
  4 rats
49 creatures vanquished.

Notes
Turn   | Place    | Note
-------+----------+-------------------------------------------
     0 | D:1      | Ethylacetat the Octopode Assassin began the quest for the
                  | Orb.
     0 | D:1      | Reached XP level 1. HP: 14/14 MP: 1/1
   168 | D:1      | Reached XP level 2. HP: 19/19 MP: 2/2
   644 | D:1      | Reached XP level 3. HP: 24/25 MP: 3/3
  1518 | D:2      | Reached XP level 4. HP: 30/30 MP: 4/4
  1665 | D:2      | Found a shimmering altar of Xom.
  1805 | D:3      | Noticed Sigmund
  1817 | D:3      | Killed from afar by Sigmund

Illustrated notes

Levels and vault maps discovered:
D:1:      shiori_arrival_maze, layout_basic
D:2:      lemuel_upstairs_altar, layout_basic, lemuel_doored_altar
D:3:      layout_rooms, gup_sewer_entry_bubbles, uniq_sigmund

Skill      XL: |  1  2  3  4 |
---------------+-------------+-----
Short Blades   | 3 |  3.9
Fighting       | 3 |  3.0
Throwing       | |  2.0
Dodging        | |  1.0
Stealth        | |  5.3

Action                   |  1- 3 |  4- 6 || total
-------------------------+-------+-------++-------
Melee: Dagger            |    63 |    14 ||    77
       Constrict         |    12 |     4 ||    16
       Tentacles         |     8 |     2 ||    10
Throw: Dart              |       |     1 ||     1
Evoke: Wand              |       |     5 ||     5
 Stab: Sleeping          |    17 |     2 ||    19
       Paralysed         |       |     1 ||     1
  Eat: Chunk             |     2 |       ||     2
Armor: Skin              |     4 |       ||     4
Dodge: Dodged            |    29 |     3 ||    32
